 Dungeon Crawl Stone Soup version 0.31-a0-844-gdc52ec4e09 (webtiles) character file.

Game seed: 1546334793177495850

5 Bravepunisher the Ducker (level 1, -1/11 HPs)
             Began as a Spriggan Monk on Sept 28, 2023.
             Slain by a quokka (2 damage)
             ... on level 1 of the Dungeon.
             The game lasted 00:00:49 (183 turns).

Bravepunisher the Ducker (Spriggan Monk)             Turns: 183, Time: 00:00:50

Health: -1/11      AC:  2    Str:  7    XL:     1   Next: 66%
Magic:  2/2        EV: 19    Int: 11    God:
Gold:   13         SH:  0    Dex: 17    Spells: 0/0 levels left

rFire   . . .        a - +0 short sword
rCold   . . .        (no shield)
rNeg    . . .        b - +0 robe
rPois   .            (helmet restricted)
rElec   .            (no cloak)
rCorr   .            (gloves unavailable)
SInv    +            (boots unavailable)
Will    .....        (no amulet)
Stlth   ++           (no ring)
HPRegen 0.21/turn    (no ring)
MPRegen 0.08/turn

%: no passive effects
@: very quick
A: very small, no large weapons, unfitting armour, see invisible, speed 3
a: no special abilities


You were on level 1 of the Dungeon.
You visited 1 branch of the dungeon, and saw 1 of its levels.

You collected 13 gold pieces.

Inventory:

Hand Weapons
 a - a +0 short sword (weapon)
Armour
 b - a +0 robe (worn)
Potions
 c - a potion of ambrosia


   Skills:
 * Level 2.6 Fighting
 - Level 3.2 Short Blades
 + Level 4.2 Dodging


You couldn't memorise any spells.
You didn't know any spells.
Your spell library was empty.

Dungeon Overview and Level Annotations

Branches:
Dungeon (1/15)

Altars:


Innate Abilities, Weirdness & Mutations

You are very small and have problems with some larger weapons.
You are too small for most types of armour.
You have supernaturally acute eyesight. (SInv)
You cover ground extremely quickly. (Speed+++)


Message History

You punch the hobgoblin, but do no damage.
The hobgoblin hits you. The quokka misses you.
You completely miss the hobgoblin. The hobgoblin closely misses you.
The quokka misses you.
You hit the hobgoblin.
The hobgoblin is severely wounded.
The quokka bites you. The hobgoblin barely misses you.
You barely miss the hobgoblin.
The hobgoblin is severely wounded.
The quokka misses you. The hobgoblin misses you.
You barely miss the hobgoblin.
The hobgoblin is severely wounded.
The quokka misses you.
You closely miss the hobgoblin.
The hobgoblin is severely wounded.
The hobgoblin completely misses you. The quokka completely misses you.
You completely miss the hobgoblin.
The hobgoblin is severely wounded.
The hobgoblin misses you. The quokka bites you.
* * * LOW HITPOINT WARNING * * *
You closely miss the hobgoblin.
The hobgoblin is severely wounded.
The hobgoblin closely misses you. The quokka barely misses you.
You hit the hobgoblin but do no damage.
The hobgoblin is severely wounded.
The quokka barely misses you. The hobgoblin misses you.
You barely miss the hobgoblin.
The hobgoblin is severely wounded.
The quokka completely misses you.
The hobgoblin hits you but does no damage.
You hit the hobgoblin.
You kill the hobgoblin!
The bat closely misses you. The quokka completely misses you.
You closely miss the bat. The bat hits you.
* * * LOW HITPOINT WARNING * * *
The bat closely misses you. The quokka misses you.
You completely miss the bat. You punch the bat.
The bat is moderately wounded.
The bat barely misses you. The quokka bites you.
You die...

#..# #.ยง. #..##
##... #...# #....
##..## ##...#
###...## ##....#
#.##...### ###....##
#.###....####.....##.
#..####.........####.
##Kr@###.#####.###...
#..b## #.#####.# ##.
##.#####.#..#..# #..
#..........#.## ##.#
#.............###..#
#..............#..##
#........#####.)...(
#g.......# #.....#
##........# #.....#


You could see a quokka, a bat and a kobold.

Vanquished Creatures
  2 hobgoblins (D:1)
  A jackal (D:1)
  2 kobolds (D:1)
5 creatures vanquished.

Notes
Turn   | Place    | Note
-------+----------+-------------------------------------------
     0 | D:1      | Bravepunisher the Spriggan Monk began the quest for the
                  | Orb.
     0 | D:1      | Reached XP level 1. HP: 11/11 MP: 2/2
   183 | D:1      | Slain by a quokka

Illustrated notes

Levels and vault maps discovered:
D:1:      heliophobic_arrival_dark_side_of_the_moon, layout_rooms,
          dreamdust_princess_bridge, serial_park_tiny_1

Action                     || total
---------------------------++-------
  Melee: Short sword       ||    35
         Punch             ||     2
 Armour: Robe              ||    21
  Dodge: Dodged            ||    61

Table legend: (Time is in decaauts)
 A = Elapsed time spent in this place.
 B = Non-inter-level travel time spent in this place.
 C = Inter-level travel time spent in this place.
 D = Time resting spent in this place.
 E = Time spent auto-exploring this place.
 F = Levels seen in this place.
 G = Mean time per level.
                   A        B        C        D        E       F      G
               +--------+--------+--------+--------+--------+-----+--------+
         Total |    123 |    123 |      0 |      0 |     51 |   1 |  123.0 |
       Dungeon |    123 |    123 |      0 |      0 |     51 |   1 |  123.0 |
               +--------+--------+--------+--------+--------+-----+--------+

Top non-repeatable levels by time:
     D:1: 123 daAuts
